 Dungeon Crawl Stone Soup version 0.31.0-9-g3a7656b989 (webtiles) character file.

Game seed: 258309935582290750

1279 qw the Skirmisher (level 8, -6/40 HPs)
             Began as a Spriggan Hunter on Feb 2, 2024.
             Was a Follower of Okawaru.
             Mangled by a gnoll sergeant
             ... wielding a +1 vampiric spear
              (10 damage)
             ... on level 5 of the Dungeon.
             The game lasted 00:00:19 (3854 turns).

qw the Skirmisher (Spriggan Hunter)                 Turns: 3854, Time: 00:00:20

Health: -6/40      AC:  3    Str:  7    XL:     8   Next: 29%
Magic:  10/10      EV: 23    Int: 10    God:    Okawaru [*.....]
Gold:   163        SH:  0    Dex: 21    Spells: 7/7 levels left

rFire   . . .        e - +1 shortbow (flame)
rCold   . . .        (shield currently unavailable)
rNeg    . . .        c - +1 robe
rPois   .            (helmet restricted)
rElec   .            (no cloak)
rCorr   .            (gloves unavailable)
SInv    +            (boots unavailable)
Will    ++...        (no amulet)
Stlth   ++           i - ring of willpower
HPRegen 0.26/turn    (no ring)
MPRegen 0.12/turn

%: no passive effects
@: very quick
A: very small, no large weapons, unfitting armour, see invisible, speed 3
a: Renounce Religion, Heroism


You were on level 5 of the Dungeon.
You worshipped Okawaru.
Okawaru was aware of your devotion.
You visited 2 branches of the dungeon, and saw 6 of its levels.

You collected 163 gold pieces.


Innate Abilities, Weirdness & Mutations

You are very small and have problems with some larger weapons.
You are too small for most types of armour.
You have supernaturally acute eyesight. (SInv)
You cover ground extremely quickly. (Speed+++)


   Skills:
 - Level 3.0 Fighting
 + Level 8.2 Ranged Weapons
 - Level 8.0 Dodging
 - Level 1.5 Stealth
 + Level 2.3 Invocations


You had 7 spell levels left.
You didn't know any spells.
Your spell library was empty.

Inventory:

Hand Weapons
 e - a +1 shortbow of flaming (weapon)
Armour
 c - a +1 robe (worn)
Jewellery
 i - a ring of willpower (left hand)
Scrolls
 h - a scroll of poison {unknown}
Potions
 a - a potion of mutation {unknown}
 b - a potion of curing
 d - a potion of haste {unknown}
 f - a potion of invisibility {unknown}
 g - 2 potions of might {unknown}
 j - a potion of experience {unknown}
 k - a potion of brilliance {unknown}

Dungeon Overview and Level Annotations

Branches:
Dungeon (5/15)             Temple (1/1) D:4

Altars:
Ashenzari
Elyvilon
Fedhas
Hepliaklqana
Kikubaaqudgha
Makhleb
Nemelex Xobeh
Okawaru
Ru
Sif Muna
Trog
Uskayaw
Vehumet
Wu Jian
Yredelemnul
Zin


Message History

The gnoll sergeant barely misses you.
You shoot an arrow. The gnoll sergeant blocks the arrow.
The gnoll sergeant misses you.
You shoot an arrow.
The arrow hits the gnoll sergeant but does no damage.
The gnoll sergeant is almost dead.
The gnoll sergeant hits you from afar with a +1 vampiric spear!
You shoot an arrow.
The arrow closely misses the gnoll sergeant.
The gnoll sergeant hits you from afar with a +1 vampiric spear!
You shoot an arrow.
The arrow hits the gnoll sergeant but does no damage.
The gnoll sergeant is almost dead.
The gnoll sergeant hits you from afar with a +1 vampiric spear.
The gnoll sergeant draws strength from your wounds!
You shoot an arrow. The gnoll sergeant blocks the arrow.
The gnoll sergeant barely misses you.
You shoot an arrow.
The arrow hits the gnoll sergeant but does no damage.
The gnoll sergeant is severely wounded.
The gnoll sergeant closely misses you.
You shoot an arrow.
The arrow hits the gnoll sergeant but does no damage.
The gnoll sergeant is severely wounded.
The gnoll sergeant barely misses you.
You shoot an arrow. The gnoll sergeant blocks the arrow.
The gnoll sergeant misses you.
You shoot an arrow.
The arrow closely misses the gnoll sergeant.
The gnoll sergeant hits you from afar with a +1 vampiric spear!
The gnoll sergeant draws strength from your wounds!
You shoot an arrow. The arrow hits the gnoll sergeant.
The arrow burns the gnoll sergeant.
The gnoll sergeant is severely wounded.
The gnoll sergeant completely misses you.
You shoot an arrow.
The arrow hits the gnoll sergeant but does no damage.
The gnoll sergeant is severely wounded.
The gnoll sergeant hits you from afar with a +1 vampiric spear!
You die...

#### ###
.... .!..
#### #...
#)..
#..######
##.......#
#...g....#
#)@..#
##...#
##..#
##..# ..#
##...# #..
...##....#
...
#....)...#
..#
##)....#.#
# ..##
##.)####.#


You could see a gnoll sergeant.

Vanquished Creatures
  Grinder (D:3)
  An ogre (D:4)
  A wolf (D:5)
  A gnoll sergeant (D:5)
  A scorpion (D:4)
  A bombardier beetle (D:5)
  A gnoll bouda (D:5)
  6 hounds
  3 sleepcaps
  2 orc wizards (D:5)
  An iguana (D:3)
  21 gnolls
  12 adders
  4 ribbon worms
  14 orcs
  4 bats
  5 endoplasms
  7 giant cockroaches
  4 goblins
  5 hobgoblins
  6 jackals (D:5)
  5 quokkas
  5 ball pythons
  2 frilled lizards
  8 kobolds
  3 rats
124 creatures vanquished.

Notes
Turn   | Place    | Note
-------+----------+-------------------------------------------
     0 | D:1      | qw the Spriggan Hunter began the quest for the Orb.
     0 | D:1      | Reached XP level 1. HP: 10/10 MP: 2/2
     0 | D:1      | 0 ||| qw: Version: 0.3-a-155-g5e7d8dd
     0 | D:1      | 0 ||| qw: Game counter: 1534
     0 | D:1      | 0 ||| qw: Melee chars always use a shield: true
     0 | D:1      | 0 ||| qw: God list: Okawaru
     0 | D:1      | 0 ||| qw: Allow faded altars: false
     0 | D:1      | 0 ||| qw: Do Orc after clearing Dungeon:15 true
     0 | D:1      | 0 ||| qw: Do second Lair branch before Depths: true
     0 | D:1      | 0 ||| qw: Lair rune preference: random
     0 | D:1      | 0 ||| qw: Goals: Normal
     0 | D:1      | 0 ||| PLANNING D:1-11
   141 | D:1      | Reached skill level 3 in Dodging
   295 | D:1      | Reached XP level 2. HP: 14/14 MP: 3/3
   505 | D:1      | 505 ||| UPGRADING to ring of willpower.
   506 | D:1      | 506 ||| READING scroll labelled XURHADW TAYNUE.
   507 | D:1      | 507 ||| READING scroll labelled RUSHIS KUIL.
   507 | D:1      | Identified a scroll of acquirement
   507 | D:1      | 507 ||| ACQUIRING +1 shortbow of flaming
   507 | D:1      | Acquired a +1 shortbow of flaming
   509 | D:1      | 509 ||| SWAPPING to +1 shortbow of flaming.
   510 | D:1      | 510 ||| DROPPING +0 shortbow.
   511 | D:1      | 511 ||| READING scroll labelled NYMOIC KAOSU.
   536 | D:1      | 536 ||| READING scroll labelled PIEREA CULEUG.
   537 | D:1      | 537 ||| DROPPING scroll of butterflies.
   566 | D:2      | Reached XP level 3. HP: 18/18 MP: 4/4
  1299 | D:2      | 1299 ||| READING scroll labelled PAZXAN SICWAVA.
  1299 | D:2      | 1299 ||| ENCHANTING +0 robe.
  1300 | D:2      | 1300 ||| READING scroll labelled TASSIA JOYTUG.
  1301 | D:2      | 1301 ||| READING scroll labelled XUACVE GATHAXOTUXY.
  1301 | D:2      | 1301 ||| IDENTIFYING murky blue potion
  1302 | D:2      | 1302 ||| DRINKING 2 fuming amethyst potions.
  1303 | D:2      | 1303 ||| DROPPING potion of lignification.
  1399 | D:3      | Reached XP level 4. HP: 22/22 MP: 5/5
  1536 | D:3      | Noticed Grinder
  1545 | D:3      | Killed Grinder
  1546 | D:3      | Reached skill level 6 in Ranged Weapons
  1546 | D:3      | Reached XP level 5. HP: 16/26 MP: 6/6
  1546 | D:3      | Reached XP level 6. HP: 18/30 MP: 7/7
  2010 | D:3      | 2010 ||| FLEEEEING.
  2012 | D:3      | 2012 ||| FLEEEEING.
  2328 | D:3      | Found a glowing silver altar of Zin.
  2512 | D:4      | 2512 ||| STAIRDANCE
  2566 | D:4      | Reached skill level 6 in Dodging
  2614 | D:4      | Reached XP level 7. HP: 31/35 MP: 8/8
  3246 | D:4      | Found a staircase to the Ecumenical Temple.
  3247 | D:4      | 3247 ||| PLANNING TEMPLE
  3249 | D:4      | 3249 ||| DRINKING 2 black potions.
  3255 | Temple   | Entered the Ecumenical Temple
  3256 | Temple   | 3256 ||| PLANNING OKAWARU WORSHIP
  3270 | Temple   | Became a worshipper of Warmaster Okawaru
  3271 | Temple   | 3271 ||| PLANNING D:1-11
  3382 | D:5      | Entered Level 5 of the Dungeon
  3479 | D:5      | Found a burning altar of Makhleb.
  3565 | D:5      | 3565 ||| RETREEEEATING.
  3566 | D:5      | 3566 ||| RETREEEEATING.
  3567 | D:5      | 3567 ||| RETREEEEATING.
  3568 | D:5      | 3568 ||| RETREEEEATING.
  3569 | D:5      | 3569 ||| RETREEEEATING.
  3570 | D:5      | 3570 ||| RETREEEEATING.
  3571 | D:5      | 3571 ||| RETREEEEATING.
  3572 | D:5      | 3572 ||| RETREEEEATING.
  3573 | D:5      | 3573 ||| RETREEEEATING.
  3686 | D:5      | Reached * piety under Okawaru
  3687 | D:5      | Reached XP level 8. HP: 34/39 MP: 9/9
  3692 | D:5      | Reached skill level 1 in Invocations
  3703 | D:5      | Reached skill level 3 in Fighting
  3727 | D:5      | HP: 6/40 [wolf (7)]
  3728 | D:5      | 3728 ||| DRINKING potion of heal wounds.
  3852 | D:5      | HP: 3/40 [gnoll sergeant/+1 vampiric spear (10)]
  3854 | D:5      | Mangled by a gnoll sergeant

Levels and vault maps discovered:
D:1:      minmay_arrival_widening_spiral_wide, layout_rooms,
          minmay_misc_feat_five, nicolae_grassy_gnolls
D:2:      layout_basic, lemuel_flame_loot_1
D:3:      minmay_evil_eye, layout_loops_corners, zin_statuary,
          serial_co_window_serial, co_window_paths_b,
          co_window_of_opportunity_a, co_window_corner_a, co_window_paths_a,
          co_window_paths_a, co_window_broadway_b, co_window_corner_ca,
          co_window_2corner, co_window_broadway_a, co_window_paths_c,
          glass_columns_a, glass_columns_c, minmay_crystal_room, uniq_grinder
D:4:      layout_loops_ring, minmay_temple_entry_fiery, minmay_bisected
D:5:      layout_cave_pools, lightli_temple_of_fire, serial_gnoll_camp,
          gnoll_camp_mini_doghouse, gnoll_camp_mini_house, gnoll_camp_medium_01,
          gnoll_camp_huts_basic, gnoll_camp_mini_hut, uniq_edmund
Temple:   eino_narrow_crystal_temple

Skill      XL: |  1  2  3  4  5  6  7  8 |
---------------+-------------------------+-----
Dodging        | 3 4 5 6 8 |  8.0
Ranged Weapons | 6 8 |  8.2
Fighting       | 2 3 |  3.0
Invocations    | 2 |  2.3
Stealth        | |  1.5

Action                     |  1- 3 |  4- 6 |  7- 9 || total
---------------------------+-------+-------+-------++-------
   Fire: Shortbow          |    65 |    91 |   244 ||   400
    Use: Scroll            |     7 |       |       ||     7
         Potion            |     1 |       |     2 ||     3
 Armour: Robe              |     2 |     7 |    31 ||    40
  Dodge: Dodged            |    10 |    21 |   107 ||   138

Table legend:
 A = Non-vault XP
 B = Vault XP
 C = Vault XP percentage of total XP
 D = Non-vault monster count
 E = Vault monster count
 F = Vault count percentage of total count
                 A         B        C        D         E       F
            +---------+---------+-------+---------+---------+-------
      Total |     977 |     851 |  46.6 |      93 |      31 |  25.0
            +---------+---------+-------+---------+---------+-------
        D:1 |      21 |      15 |  41.7 |      12 |       1 |   7.7
        D:2 |      60 |       0 |   0.0 |      14 |       0 |   0.0
        D:3 |     144 |     274 |  65.6 |      20 |       5 |  20.0
        D:4 |     516 |      20 |   3.7 |      32 |       5 |  13.5
        D:5 |     236 |     542 |  69.7 |      15 |      20 |  57.1
            +---------+---------+-------+---------+---------+-------
